 Dungeon Crawl Stone Soup version 0.30-a0-782-ge64f9170bb (webtiles) character file.

Game seed: 2448215497161253894

119613 Twinkles the Brawler (level 16, -2/138 (165) HPs)
             Began as a Troll Hexslinger on Feb 17, 2023.
             Was the Champion of Dithmenos.
             Killed from afar by a swamp worm (8 damage)
             ... with a harpoon shot
             ... called by a spriggan druid
             ... on level 4 of the Swamp on Feb 18, 2023.
             The game lasted 02:23:55 (28085 turns).

Twinkles the Brawler (Troll Hexslinger)            Turns: 28085, Time: 02:23:56

HP:   -2/138 (165)  AC: 12    Str: 36    XL:     16   Next: 28%
MP:   18/22         EV: 11    Int:  7    God:    Dithmenos [******]
Gold: 2080          SH:  9    Dex:  8    Spells: 16/17 levels left

rFire   + . .      SeeInvis .      - Unarmed
rCold   . . .      Faith    .    r - +0 kite shield
rNeg    + + +      Spirit   .    l - +0 troll leather armour
rPois   ∞          Reflect  .    (helmet restricted)
rElec   .          Harm     .    s - scarf {shadows}
rCorr   .          Rampage  .    (gloves unavailable)
Will    ∞          Clarity  +    (boots unavailable)
Stlth   ++                       f - amulet of magic regeneration
HPRegen 2.03/turn                p - +4 ring of protection
MPRegen 0.58/turn                W - ring of protection from fire

@: shadow-form, wreathed by umbra, heavily drained, invisible
A: shadow resist, half damage, bleed smoke, invisible, large, unfitting armour,
claws 3, regeneration 1, shaggy fur 1, tough skin 1, beak, iridescent scales 1,
clarity, poison resistance, strong 2
a: End Transformation, Renounce Religion, Shadow Step, Shadow Form


You were on level 4 of the Swamp.
You worshipped Dithmenos.
Dithmenos was exalted by your worship.
You were a swirling mass of dark shadows.
You visited 5 branches of the dungeon, and saw 27 of its levels.
You also visited: Sewer, Ice Cave and Volcano.

You collected 2540 gold pieces.
You spent 460 gold pieces at shops.

Inventory:

Hand Weapons
 a - a +2 sling
 g - the +5 scythe "Finisher" {speed, eviscerate}
   (You found it on level 7 of the Dungeon)
 m - a +2 broad axe of flaming
Missiles
 o - 6 curare-tipped darts
 t - a throwing net
 v - 59 poisoned darts
 w - 9 atropa-tipped darts
 y - 19 large rocks (quivered)
Armour
 l - a +0 troll leather armour (worn)
 r - a +0 kite shield (worn)
 s - a scarf of shadows (worn)
 T - +0 fire dragon scales
Jewellery
 c - a ring of see invisible
 f - an amulet of magic regeneration (around neck)
 n - a +4 ring of protection
 p - a +4 ring of protection (left claw)
 x - a ring of ice
 z - a ring of willpower
 W - a ring of protection from fire (right claw)
Wands
 d - a wand of digging (12)
 e - a wand of charming (13)
 h - a wand of light (10)
 i - a wand of roots (51)
 j - a wand of polymorph (6)
 q - a wand of flame (22)
Scrolls
 b - 5 scrolls of poison
 k - 2 scrolls of torment
 u - 2 scrolls of enchant armour
 D - 2 scrolls of blinking
 E - 4 scrolls of fear
 F - 4 scrolls of fog
 K - 2 scrolls of immolation
 O - 4 scrolls of silence
 S - a scroll of summoning
 V - 8 scrolls of vulnerability
 X - 3 scrolls of magic mapping
 Y - 5 scrolls of teleportation
 Z - 2 scrolls of amnesia
Potions
 A - 6 potions of attraction
 B - a potion of brilliance
 C - 3 potions of cancellation
 G - 2 potions of ambrosia
 H - 6 potions of haste
 I - 3 potions of invisibility
 J - 7 potions of curing
 L - 2 potions of flight
 M - 2 potions of might
 N - 3 potions of heal wounds
 P - 5 potions of lignification
 Q - 4 potions of magic
 R - a potion of resistance
 U - 5 potions of mutation


   Skills:
 + Level 11.9 Fighting
 - Level 1.2 Ranged Weapons
 * Level 9.4 Throwing
 + Level 12.1 Dodging
 - Level 7.0 Shields
 + Level 15.8 Unarmed Combat
 - Level 1.0 Spellcasting
 - Level 2.0 Hexes
 + Level 9.4 Invocations


You had 16 spell levels left.
You knew the following spells:

 Your Spells              Type           Power      Damage    Failure   Level
a - Slow                  Hex            0%         N/A       38%         1

Your spell library contained the following spells:

 Spells                   Type           Power      Damage    Failure   Level
 Sandblast                Erth           0%         2d4       67%         1
 Shock                    Conj/Air       0%         1d3       67%         1
 Confusing Touch          Hex            0%         N/A       77%         3
 Cigotuvi's Dreadful Rot  Necr/Pois/Air  0%         N/A       82%         2
 Passwall                 Tmut/Erth      0%         N/A       82%         2
 Dazzling Flash           Conj/Hex       0%         N/A       88%         3
 Inner Flame              Hex/Fire       0%         N/A       88%         3
 Portal Projectile        Hex/Tloc       0%         N/A       88%         3
 Stone Arrow              Conj/Erth      0%         3d7       96%         3
 Swiftness                Air            0%         N/A       96%         3
 Vampiric Draining        Necr           0%         2d6       96%         3
 Anguish                  Hex/Necr       0%         N/A       99%         4
 Cause Fear               Hex            0%         N/A       99%         4
 Airstrike                Air            0%         2d(0-16)  100%        4
 Animate Armour           Summ/Erth      0%         N/A       100%        4
 Dispel Undead            Necr           0%         3d6       100%        4
 Olgreb's Toxic Radiance  Pois           0%         N/A       100%        4
 Summon Lightning Spire   Summ/Air       0%         N/A       100%        4
 Agony                    Necr           0%         N/A       100%        5
 Blade Hands              Tmut           0%         N/A       100%        5
 Lightning Bolt           Conj/Air       0%         1d11      100%        5
 Silence                  Hex/Air        0%         N/A       100%        5
 Summon Forest            Summ/Tloc      0%         N/A       100%        5
 Death Channel            Necr           0%         N/A       100%        6
 Eringya's Noxious Bog    Tmut/Pois      0%         N/A       100%        6
 Iron Shot                Conj/Erth      0%         9d1       100%        6
 Enfeeble                 Hex            0%         N/A       100%        7
 Ozocubu's Refrigeration  Ice            0%         4d7       100%        7
 Summon Hydra             Summ           0%         N/A       100%        7
 Ignition                 Fire           0%         3d3       100%        8


Dungeon Overview and Level Annotations

Branches:
Dungeon (15/15) Zot: 25776  Temple (0/1) D:4            Lair (5/5) D:8 Zot: 23283
  Swamp (4/4) Lair:2 Zot: 20875  Spider (1/4) Lair:3 Zot: 5755   Slime (0/5) Lair:5
    Orc (2/2) D:10 Zot: 9849     Elf (0/3) Orc:2        Vaults (0/5) D:14
 Depths (0/4) D:15          Sewer (visited)           IceCv (visited)
Volcano (visited)

Altars:
Ashenzari
Dithmenos
Elyvilon
Fedhas
Kikubaaqudgha
Nemelex Xobeh
Okawaru
Qazlal
Trog
Wu Jian
Yredelemnul
The Shining One
Lugonu

Shops:
D:5 *   D:8 *   Orc:2 !!**

Annotations:
D:4 1 runed translucent door, IdlyInterested's ghost, amateur DsGl
D:8 2 runed translucent doors, Aneyh's ghost, novice TeMo
D:11 Urug
Lair:5 1 runed translucent door
Orc:1 1 transporter, Nega's ghost, journeyman TeSu


Innate Abilities, Weirdness & Mutations

You are a swirling mass of dark shadows.
You are immune to unholy torment and to willpower attacks.
Damage taken is halved, but you are drained when taking damage.
Your attacks are insubstantial and do half damage.
You bleed smoke when taking damage.
You are invisible.
Your spellcasting is less reliable in this form.
You are too large for most types of armour.
You have claws for hands.
Your natural rate of healing is unusually fast.
You are covered in fur. (AC +1)
You have tough skin. (AC +1)
You have a beak for a mouth.
You are partially covered in iridescent scales. (AC +2)
You possess an exceptional clarity of mind.
Your system is resistant to poisons. (rPois)
Your muscles are very strong. (Str +8, Int/Dex -2)


Message History

The six-headed hydra completely misses you.
The six-headed hydra bites you!
* * * LOW HITPOINT WARNING * * *
You emit a cloud of dark smoke.
You feel drained. The six-headed hydra barely misses you.
The six-headed hydra bites you.
* * * LOW HITPOINT WARNING * * *
You emit a cloud of dark smoke.
You feel drained.
You block the six-headed hydra's attack.
The six-headed hydra bites you.
* * * LOW HITPOINT WARNING * * *
You emit a cloud of dark smoke.
You feel drained.
You enter the shallow water.
Don't expect to remain undetected while in the water.
The swamp worm fires a harpoon shot at you.
The harpoon shot hits you!
* * * LOW HITPOINT WARNING * * *
You emit a cloud of dark smoke.
You feel drained.
You are yanked forward by the harpoon shot.
Splash!
The six-headed hydra bites you!
* * * LOW HITPOINT WARNING * * *
You emit a cloud of dark smoke.
You feel drained. The six-headed hydra bites you!
* * * LOW HITPOINT WARNING * * *
You emit a cloud of dark smoke.
You feel drained.
The six-headed hydra bites you but does no damage.
The six-headed hydra barely misses you.
You block the six-headed hydra's attack. x2
The six-headed hydra bites you!!
* * * LOW HITPOINT WARNING * * *
You emit a cloud of dark smoke.
You feel drained.
The six-headed hydra bites you but does no damage.
The six-headed hydra completely misses you.
You block the six-headed hydra's attack.
The six-headed hydra bites you but does no damage. x2
You enter the shallow water.
Don't expect to remain undetected while in the water.
The swamp worm fires a harpoon shot at you.
The harpoon shot hits you!
You die...

♣♣♣♣♣♣♣♣♣♣♣ ♣♣~...~~...♣
♣♣~~~~~~§.~.♣ ♣.~~~~..~...♣
♣♣.~.~.~~~♣.♣ ♣~§~.~~..♣♣♣♣
♣.~..~..§♣♣♣♣♣♣♣ ♣♣♣
♣♣♣♣~...§§§§§§§♣♣♣§♣♣
♣♣...§§W§w§§...~.♣
♣♣..§§♣wD§§~~~.♣♣
♣♣§§§§§§k§~~~♣♣
♣.~§§§~~~...♣
♣♣♣♣♣♣.~~§§~~~k♣♣♣ .§
♣♣..♣♣§.~~~~~~~~~♣♣♣♣ ~~
♣<~[♣..~~~~~~~~~.♣§.♣♣♣♣♣~~
♣.~~~..~~.~÷~...~÷k§.♣♣..~~
♣♣...~~~~~.~..♣♣§§§§)...~.~


You could see a six-headed hydra (strong), a tyrant leech (strong) and a swamp
worm.

Vanquished Creatures
  A tentacled monstrosity (Swamp:2)
  A frost giant (D:15)
  Nessos (D:13)
  A spark wasp (Lair:3)
  4 eleionomae
  A bunyip (Swamp:1)
  Snorg (Lair:4)
  2 fire dragons (Swamp:4)
  5 ghost crabs
  3 centaur warriors
  4 two-headed ogres
  5 boulder beetles
  15 hydras
  4 alligators
  2 tengu warriors (D:15)
  An orc high priest (Orc:1)
  Sonja (Orc:2)
  A fire crab (Swamp:4)
  6 swamp dragons
  2 orb spiders
  2 skysharks
  A deep troll (D:14)
  7 goliath frogs
  A sun moth (Spider:1)
  2 pharaoh ants (Lair:3)
  3 spriggan druids
  A wizard (Lair:5)
  Pikel (D:6)
  2 steelbarb worms (Lair:3)
  4 deep elf pyromancers
  11 orc knights
  A necromancer (Swamp:3)
  7 ugly things
  7 wolf spiders (Lair:3)
  5 cyclopes
  2 manticores
  2 will-o-the-wisps
  6 elephants (Lair:2)
  An ice statue (D:12)
  3 black mambas
  Joseph (D:7)
  6 demonic crawlers
  A gargoyle (D:9)
  6 rime drakes
  4 torpor snails
  15 cane toads
  7 komodo dragons
  A freezing wraith (D:14)
  An ice devil (IceCv)
  7 trolls
  7 tyrant leeches
  6 hornets
  3 blink frogs (Lair:1)
  3 tarantellas (Lair:3)
  Grinder (D:3)
  A raiju (shapeshifter) (D:14)
  15 dream sheep
  6 jumping spiders
  A centaur simulacrum (D:14)
  6 culicivoras
  13 slime creatures
  2 shadows (D:10)
  Eustachio (D:6)
  8 spriggans
  6 wyverns
  Grum (D:11)
  4 wraiths
  9 basilisks
  29 yaks
  A death yak simulacrum (IceCv)
  4 vampire mosquitoes (D:10)
  4 steam dragons (Swamp:4)
  9 redbacks
  Edmund (D:4)
  Menkaure (D:4)
  2 harpy simulacra (IceCv)
  10 wargs
  A two-headed ogre zombie (D:10)
  11 water moccasins
  18 swamp worms
  6 hell hounds
  2 acid dragons (D:11)
  2 hydra simulacra (Swamp:3)
  8 swamp drakes
  6 black bears
  3 ice beasts
  2 sky beasts
  2 alligator simulacra (Swamp:3)
  3 boggarts (D:15)
  10 ogres
  37 orc warriors
  14 wolves
  7 centaurs
  A phantom (D:10)
  3 kobold brigands
  16 bullfrogs
  3 gnoll sergeants
  2 necrophages
  6 two-headed ogre simulacra (IceCv)
  A cane toad simulacrum (IceCv)
  4 wights (D:8)
  An elephant simulacrum (IceCv)
  2 troll zombies (D:10)
  10 killer bees
  7 electric eels
  4 howler monkeys (D:9)
  8 hounds
  3 jellies
  18 orc priests
  A gnoll bouda (D:7)
  Ijyb (D:4)
  3 iguanas
  2 polar bear simulacra (IceCv)
  19 orc wizards
  3 troll simulacra (IceCv)
  4 spriggan simulacra (IceCv)
  A wolf simulacrum (IceCv)
  5 ogre zombies (D:10)
  A boggart simulacrum (D:14)
  2 naga simulacra (IceCv)
  2 river rats
  14 adders
  26 gnolls
  2 shadow imps (D:6)
  5 white imps
  4 ufetubi
  14 worms
  A dart slug (D:5)
  110 orcs
  9 ball pythons
  6 endoplasms
  3 giant cockroaches
  7 hobgoblins
  4 jackals (D:1)
  19 kobolds
  2 quokkas
  5 bats
  3 frilled lizards
  6 goblins
  3 goblin skeletons (D:10)
  5 goblin zombies (D:10)
  A hobgoblin skeleton (D:10)
  6 orc skeletons (D:10)
  10 orc zombies (D:10)
  8 rats
871 creatures vanquished.

Vanquished Creatures (others)
  3 bloated husks
  A hornet (Swamp:1)
  A slime creature (D:13)
  A steam dragon (Swamp:4)
  An orc wizard (D:9)
  6 foxfires
  10 fungi
  20 plants
  2 withered plants (D:4)
45 creatures vanquished.

Grand Total: 916 creatures vanquished

Notes
Turn   | Place    | Note
-------+----------+-------------------------------------------
     0 | D:1      | Twinkles the Troll Hexslinger began the quest for the Orb.
     0 | D:1      | Reached XP level 1. HP: 18/18 MP: 1/1
    76 | D:1      | Reached skill level 1 in Fighting
   102 | D:1      | Reached XP level 2. HP: 27/27 MP: 2/2
   153 | D:1      | Reached skill level 1 in Unarmed Combat
   572 | D:2      | Found a white marble altar of Elyvilon.
   633 | D:2      | Reached XP level 3. HP: 33/33 MP: 3/3
  1228 | D:3      | Found a shadowy altar of Dithmenos.
  1228 | D:3      | Noticed Grinder
  1387 | D:3      | Found a glowing golden altar of the Shining One.
  1428 | D:3      | Found a faded altar of an unknown god.
  1491 | D:3      | Reached XP level 4. HP: 42/42 MP: 4/4
  1498 | D:3      | Reached skill level 2 in Unarmed Combat
  1532 | D:3      | Found a glowing drain.
  1561 | Sewer    | Entered a sewer
  1580 | Sewer    | Reached XP level 5. HP: 47/49 MP: 5/5
  1817 | Sewer    | Reached skill level 3 in Unarmed Combat
  1976 | D:3      | Reached XP level 6. HP: 52/59 MP: 6/6
  2315 | D:3      | Paralysed by Grinder for 2 turns
  2319 | D:3      | Paralysed by Grinder for 3 turns
  2335 | D:3      | HP: 16/59 [Grinder/nerve-wracking pain (14)]
  2336 | D:3      | Killed Grinder
  2422 | D:3      | Became a worshipper of Dithmenos the Shadowed
  2684 | D:4      | Reached skill level 4 in Unarmed Combat
  2684 | D:4      | Reached XP level 7. HP: 67/67 MP: 7/7
  2776 | D:4      | Noticed Menkaure
  2816 | D:4      | Killed Menkaure
  2864 | D:4      | Noticed Ijyb
  2878 | D:4      | Killed Ijyb
  2887 | D:4      | Found a runed translucent door.
  2942 | D:4      | Reached skill level 5 in Unarmed Combat
  2949 | D:4      | Reached * piety under Dithmenos
  3324 | D:4      | Found a staircase to the Ecumenical Temple.
  3503 | D:4      | Noticed IdlyInterested's ghost (amateur DsGl)
  3633 | D:5      | Entered Level 5 of the Dungeon
  3712 | D:5      | Reached XP level 8. HP: 66/78 MP: 8/8
  3754 | D:5      | Reached skill level 6 in Unarmed Combat
  3799 | D:5      | Noticed Edmund
  3828 | D:4      | Killed Edmund
  3939 | D:5      | Found Extoarghoeq's General Store.
  3966 | D:5      | Reached skill level 5 in Dodging
  3966 | D:5      | Reached skill level 7 in Unarmed Combat
  3994 | D:5      | Reached skill level 5 in Fighting
  4407 | D:6      | Reached ** piety under Dithmenos
  4487 | D:6      | Reached XP level 9. HP: 86/88 MP: 9/9
  4518 | D:6      | Noticed Pikel
  4609 | D:6      | Noticed Eustachio
  4614 | D:6      | Killed Eustachio
  4794 | D:6      | Reached skill level 8 in Unarmed Combat
  4837 | D:6      | Killed Pikel
  5345 | D:7      | Reached skill level 1 in Shields
  5394 | D:7      | HP: 25/89 [wraith (2)]
  5396 | D:7      | Noticed a skeletal warrior
  5399 | D:7      | HP: 20/89 [wraith (9)]
  5401 | D:7      | HP: 9/89 [wraith (8)]
  5473 | D:7      | Noticed Joseph
  5501 | D:7      | Killed Joseph
  5502 | D:7      | Reached skill level 9 in Unarmed Combat
  6315 | D:7      | Reached XP level 10. HP: 89/98 MP: 10/10
  6339 | D:7      | Found the +5 scythe "Finisher" {speed, eviscerate}
  6468 | D:8      | Found a sparkling altar of Nemelex Xobeh.
  6537 | D:8      | Found a stormy altar of Qazlal.
  6572 | D:8      | Noticed a two-headed ogre
  6620 | D:8      | HP: 23/98 [two-headed ogre/+0 giant spiked club (31)]
  6621 | D:8      | Killed a two-headed ogre
  6747 | D:8      | HP: 23/100 [electric eel/bolt of electricity (13)]
  7001 | D:8      | Found a staircase to the Lair.
  7004 | D:8      | HP: 27/98 [electric eel/bolt of electricity (11)]
  7008 | D:8      | Gained mutation: You have hidden genetic potential. [potion
                  | of mutation]
  7008 | D:8      | Gained mutation: You are partially covered in large bone
                  | plates. (SH +4) [potion of mutation]
  7008 | D:8      | Gained mutation: You are occasionally teleported next to
                  | monsters. [potion of mutation]
  7008 | D:8      | Gained mutation: You are partially covered in iridescent
                  | scales. (AC +2) [potion of mutation]
  7009 | D:8      | HP: 25/147 [poisoned by a killer bee]
  7013 | D:8      | HP: 11/147 [wolf (8)]
  7021 | D:8      | HP: 26/148 [killer bee (6)]
  7022 | D:8      | Reached skill level 5 in Shields
  7029 | D:8      | Reached *** piety under Dithmenos
  7036 | D:8      | HP: 38/150 [killer bee (3)]
  7042 | D:8      | HP: 22/150 [bullfrog (4)]
  7048 | D:8      | HP: 24/150 [electric eel/bolt of electricity (5)]
  7053 | D:8      | HP: 23/150 [electric eel/bolt of electricity (1)]
  7169 | D:8      | Found a blossoming altar of Fedhas.
  7169 | D:8      | Found an ancient bone altar of Kikubaaqudgha.
  7177 | D:8      | Found a white marble altar of Elyvilon.
  7179 | D:8      | Found a bloodstained altar of Trog.
  7181 | D:8      | Found an iron altar of Okawaru.
  7223 | D:8      | Lost mutation: You are occasionally teleported next to
                  | monsters. [potion of mutation]
  7223 | D:8      | Lost mutation: You are partially covered in large bone
                  | plates. (SH +4) [potion of mutation]
  7223 | D:8      | Lost mutation: You are partially covered in iridescent
                  | scales. (AC +2) [potion of mutation]
  7223 | D:8      | Gained mutation: You have great hidden genetic potential.
                  | [potion of mutation]
  7223 | D:8      | Gained mutation: You have a beak for a mouth. [potion of
                  | mutation]
  7223 | D:8      | Gained mutation: You are partially covered in iridescent
                  | scales. (AC +2) [potion of mutation]
  7330 | D:8      | Found Negude's Assorted Antiques.
  7338 | D:8      | Bought a scroll of identify for 60 gold pieces
  7338 | D:8      | Bought a scroll labelled GAEROOHE QIHI for 30 gold pieces
  7350 | D:8      | Bought a square citrine amulet for 150 gold pieces
  7432 | D:8      | Found a large runed translucent door.
  7438 | D:8      | Found a large runed translucent door.
  7447 | D:8      | Noticed Aneyh's ghost (novice TeMo)
  7504 | D:8      | You fall into a shaft and drop 2 floors!
  7504 | D:10     | Entered Level 10 of the Dungeon
  7563 | D:9      | Noticed a gargoyle
  7759 | D:10     | Reached skill level 10 in Unarmed Combat
  7761 | D:10     | Reached XP level 11. HP: 108/109 MP: 11/11
  7766 | D:10     | Reached **** piety under Dithmenos
  7873 | D:10     | Found a staircase to the Orcish Mines.
  8048 | D:9      | Reached ***** piety under Dithmenos
  8176 | D:9      | Paralysed by a hornet for 1 turns
  8620 | D:9      | Gained mutation: Your muscles are strong. (Str +4, Int/Dex
                  | -1) [hidden potential]
  9184 | Lair:1   | Entered Level 1 of the Lair of Beasts
  9407 | Lair:1   | Reached skill level 11 in Unarmed Combat
  9618 | Lair:1   | Reached skill level 1 in Throwing
 10352 | Lair:2   | Upgraded the game from 0.30-a0-779-g7971cf19c3 to
                  | 0.30-a0-782-ge64f9170bb
 10369 | Lair:2   | Found a staircase to the Swamp.
 10425 | Lair:2   | Reached XP level 12. HP: 112/120 MP: 12/12
 10654 | Lair:2   | Reached skill level 1 in Invocations
 10661 | Lair:2   | Gained mutation: Your muscles are very strong. (Str +8,
                  | Int/Dex -2) [hidden potential]
 10661 | Lair:2   | Lost mutation: You have great hidden genetic potential.
                  | [hidden potential expressed]
 10680 | Lair:2   | Reached skill level 12 in Unarmed Combat
 11523 | Lair:3   | Noticed a boulder beetle
 11658 | Lair:3   | Found a hole to the Spider Nest.
 11726 | Lair:3   | Found a frozen archway.
 11737 | IceCv    | Entered an ice cave
 11841 | IceCv    | Reached ****** piety under Dithmenos
 12700 | IceCv    | HP: 17/122 [death yak simulacrum (35)]
 13118 | Lair:3   | Killed a boulder beetle
 13745 | Lair:4   | Noticed a seven-headed hydra
 13853 | Orc:1    | Entered Level 1 of the Orcish Mines
 13909 | Orc:1    | Reached skill level 13 in Unarmed Combat
 14018 | Orc:2    | Entered Level 2 of the Orcish Mines
 14018 | Orc:2    | Noticed an orc high priest
 14026 | Orc:1    | Reached XP level 13. HP: 104/131 MP: 14/14
 14455 | Orc:2    | Found a staircase to the Elven Halls.
 14887 | Orc:2    | Reached skill level 5 in Throwing
 14896 | Orc:2    | Noticed Sonja
 14907 | Orc:2    | Killed Sonja
 15827 | Lair:4   | You fall into a shaft and drop 1 floor!
 15827 | Lair:5   | Entered Level 5 of the Lair of Beasts
 15827 | Lair:5   | Found a runed translucent door.
 15951 | Lair:5   | Reached skill level 5 in Invocations
 16128 | Lair:5   | Found a dark tunnel.
 16151 | Volcano  | Entered a volcano
 16498 | Lair:4   | Noticed Snorg
 16524 | Lair:4   | Killed Snorg
 16652 | Lair:4   | Reached skill level 10 in Dodging
 16900 | Lair:4   | Reached XP level 14. HP: 141/141 MP: 17/17
 17430 | Lair:5   | Reached skill level 10 in Fighting
 17445 | Lair:5   | Reached skill level 14 in Unarmed Combat
 17462 | Lair:5   | Gained mutation: Your system is resistant to poisons.
                  | (rPois) [hidden potential]
 17533 | Lair:5   | Found a staircase to the Slime Pits.
 18177 | Orc:2    | Found Niw Royv's Assorted Antiques.
 18177 | Orc:2    | Found Xavvu's Assorted Antiques.
 18253 | Orc:2    | Found Ehetiskaagg's Distillery.
 18253 | Orc:2    | Found Piyck's Distillery.
 18259 | Orc:2    | Bought a potion of heal wounds for 60 gold pieces
 18259 | Orc:2    | Bought a potion of heal wounds for 60 gold pieces
 18259 | Orc:2    | Bought a potion of lignification for 36 gold pieces
 18268 | Orc:2    | Bought a potion of might for 64 gold pieces
 18556 | Orc:1    | Identified the +1 great mace of the Coward {venom, rElec}
 18557 | Orc:1    | Noticed Nega's ghost (journeyman TeSu)
 18558 | Orc:1    | Found a transporter.
 18911 | D:11     | Noticed Urug
 19074 | D:11     | Noticed Grum
 19101 | D:11     | Killed Grum
 20634 | D:13     | Noticed Nessos
 20671 | D:13     | Killed Nessos
 20716 | D:13     | Found a corrupted altar of Lugonu.
 21299 | D:12     | Found an ornate altar of the Wu Jian Council.
 21588 | D:14     | Found a gate to the Vaults.
 22266 | D:15     | Entered Level 15 of the Dungeon
 22481 | D:15     | Found a broken altar of Ashenzari.
 22536 | D:15     | Reached XP level 15. HP: 77/153 MP: 19/19
 22880 | D:15     | Reached skill level 15 in Unarmed Combat
 23049 | D:15     | Found a staircase to the Depths.
 23049 | D:15     | Noticed a frost giant
 23057 | D:15     | HP: 44/153 [frost giant/bolt of cold (24)]
 23058 | D:15     | Killed a frost giant
 23124 | D:15     | Gained mutation: You possess an exceptional clarity of
                  | mind. [hidden potential]
 23124 | D:15     | Lost mutation: You have hidden genetic potential. [hidden
                  | potential expressed]
 23637 | Spider:1 | Entered Level 1 of the Spider Nest
 23901 | Lair:3   | HP: 42/144 [pharaoh ant (12)]
 23908 | Lair:3   | HP: 37/141 [pharaoh ant (11)]
 24428 | Lair:3   | HP: 45/154 [culicivora (10)]
 24611 | Lair:3   | HP: 46/154 [demonic crawler (14)]
 24699 | Swamp:1  | Entered Level 1 of the Swamp
 24847 | Swamp:1  | Found a basalt altar of Yredelemnul.
 25526 | Swamp:2  | Noticed a tentacled monstrosity
 26051 | Swamp:2  | HP: 45/154 [goliath frog (24)]
 26418 | Swamp:2  | Killed a tentacled monstrosity
 26756 | Swamp:3  | HP: 69/234 [swamp worm (3)]
 26761 | Swamp:3  | Reached XP level 16. HP: 48/165 MP: 21/21
 26761 | Swamp:3  | HP: 49/247 [poisoned by a swamp dragon (blast of poison)]
 26766 | Swamp:2  | HP: 36/165 [poisoned by a swamp dragon (blast of poison)]
 27404 | Swamp:4  | Entered Level 4 of the Swamp
 28075 | Swamp:4  | HP: 29/165 [tyrant leech[a spriggan druid] (31)]
 28082 | Swamp:4  | HP: 32/156 [six-headed hydra[a spriggan druid] (6)]
 28083 | Swamp:4  | HP: 15/147 [six-headed hydra[a spriggan druid] (8)]
 28084 | Swamp:4  | HP: 4/142 [six-headed hydra[a spriggan druid] (9)]
 28085 | Swamp:4  | Killed from afar by a swamp worm

Illustrated notes

Levels and vault maps discovered:
D:1:      onia_arrival_mini_spirals, layout_basic
D:2:      layout_loops_ring, basic_altar, supply_closet_lemuel
D:3:      layout_loops_ring, tso_altar, nicolae_dithmenos_shadow_blocks,
          lightli_sewer_entry_pipes, shapermc_ecumenical_altar_petra,
          small_statue_intersection, uniq_grinder
D:4:      layout_loops_ring, minmay_temple_entry_butterflies,
          gammafunk_ghost_grave, uniq_menkaure, uniq_ijyb
D:5:      layout_rooms, serial_shops, shop, uniq_edmund
D:6:      layout_loops_corners, eino_curves_03, uniq_eustachio, uniq_pikel
D:7:      layout_gridville, roderic_lattice_a, serial_park_tiny_pond,
          minmay_guarded_unrand_finisher, uniq_joseph
D:8:      layout_loops_ring, lemuel_crystal_altar,
          nemelex_xobeh_ov_fountains_minmay,
          chequers_temple_overflow_minitemple, erik_lair_island, serial_shops,
          nicolae_shop_hallway_stairs, ebering_ghost_disaster_area
D:9:      layout_roguey, lightli_orcish_oven
D:10:     layout_roguey, zombieorc2_lemuel
D:11:     layout_basic, kennysheep_generic_room_4, uniq_grum, uniq_urug
D:12:     layout_loops_corners, minivault_16, nicolae_wu_jian_glorious_leap
D:13:     layout_roguey, hangedman_decor_peaks_small, tgw_lugonu_bribe,
          uniq_nessos
D:14:     layout_loops_cross, david_vaults_4
D:15:     grunt_enter_depths_snipers, layout_loops_cross, eino_curves_03,
          nicolae_ashenzari_panopticon
Lair:1:   layout_small_grid, grunt_megastairs_3
Lair:2:   layout_cave_pods, swamp_mist
Lair:3:   layout_gridlike, nicolae_spider_entry_orb_guardian,
          portal_ice_cave_entry_pillars_1, beast_lair_carwin_4,
          serial_bayou_shore_a, grunt_megastairs_4, lemuel_fruit_fields
Lair:4:   layout_gridlike, grunt_megastairs_1, uniq_snorg
Lair:5:   evil_forest, layout_hall_layers, slime_entry_2, enter_volcano_3,
          grunt_megastairs_2
Swamp:1:  nicolae_swamp_ascending_descending_big, layout_basic_swamp,
          basic_altar
Swamp:2:  layout_basic_swamp, evilmike_swamp_ruin_house_1, swamp_pool4
Swamp:3:  layout_basic_swamp, nicolae_swamp_triple_paths, swamp_pool3,
          nicolae_swamp_necromancer_hut
Swamp:4:  swamp_fiery, layout_basic_swamp, ebering_ghost_inner_flame
Spider:1: layout_spider_delve
Orc:1:    layout_caves, basic_altar, gammafunk_ghost_smash
Orc:2:    st_orc_town, layout_diamond_mine, basic_altar, uniq_sonja

Skill      XL: |  1  2  3  4  5  6  7  8  9 10 11 12 13 14 15 16 |
---------------+-------------------------------------------------+-----
Fighting       | 1 2 3 4 5 6 7 8 9 11 | 11.9
Unarmed Combat | 1 2 3 4 5 7 9 10 11 13 14 15 | 15.8
Dodging        | 2 3 4 5 6 7 8 9 10 11 12 | 12.1
Shields        | 3 6 7 |  7.0
Throwing       | 2 4 6 8 9 |  9.4
Invocations    | 3 5 7 9 |  9.4
Ranged Weapons | |  1.2
Spellcasting   | |  1.0
Hexes          | |  2.0

Action                     |  1- 3 |  4- 6 |  7- 9 | 10-12 | 13-15 | 16-18 || total
---------------------------+-------+-------+-------+-------+-------+-------++-------
  Melee: Dagger            |   126 |   200 |    15 |       |       |       ||   341
         Unarmed           |     7 |       |   343 |   798 |  1179 |   113 ||  2440
         Punch             |     2 |     6 |    21 |       |       |       ||    29
         Peck              |       |       |       |   133 |   235 |    24 ||   392
         Broad axe         |       |       |       |       |    50 |     6 ||    56
   Fire: Sling             |    14 |       |    19 |    57 |    35 |       ||   125
  Throw: Dart              |       |       |       |     8 |   106 |       ||   114
         Large rock        |       |       |       |       |    48 |    17 ||    65
 Invoke: Shadow Form       |       |       |       |       |     1 |     1 ||     2
         Shadow Step       |       |       |       |       |     2 |       ||     2
  Evoke: Wand              |       |       |       |    15 |    10 |       ||    25
    Use: Scroll            |       |       |    10 |    18 |     8 |     2 ||    38
         Potion            |       |       |     2 |     8 |     6 |       ||    16
   Stab: Sleeping          |     1 |     2 |       |       |     1 |       ||     4
         Invisible         |       |       |       |       |     2 |       ||     2
 Armour: Robe              |    54 |    76 |   139 |    46 |       |       ||   315
         Skin              |       |       |       |    36 |    16 |       ||    52
         Troll leather arm |       |       |       |   216 |   577 |    80 ||   873
  Dodge: Dodged            |    64 |    73 |   217 |   257 |   656 |   100 ||  1367
  Block: Kite shield       |       |       |       |   281 |   599 |    82 ||   962

Table legend: (Time is in decaauts)
 A = Elapsed time spent in this place.
 B = Non-inter-level travel time spent in this place.
 C = Inter-level travel time spent in this place.
 D = Time resting spent in this place.
 E = Time spent auto-exploring this place.
 F = Levels seen in this place.
 G = Mean time per level.
                   A        B        C        D        E       F      G
               +--------+--------+--------+--------+--------+-----+--------+
         Total |  27931 |  25427 |   2504 |   3120 |  14974 |  30 |  931.0 |
       Dungeon |  13964 |  12579 |   1385 |    456 |   8970 |  15 |  930.9 |
          Lair |   6716 |   6068 |    648 |    839 |   3435 |   5 | 1343.2 |
         Swamp |   3123 |   2814 |    309 |    509 |   1362 |   4 |  780.8 |
   Spider Nest |    244 |    237 |      7 |     26 |     64 |   1 |  244.0 |
  Orcish Mines |   2150 |   1995 |    155 |    363 |    897 |   2 | 1075.0 |
         Sewer |    388 |    388 |      0 |      0 |    217 |   1 |  388.0 |
      Ice Cave |   1133 |   1133 |      0 |    799 |     27 |   1 | 1133.0 |
       Volcano |    208 |    208 |      0 |    126 |      2 |   1 |  208.0 |
               +--------+--------+--------+--------+--------+-----+--------+

Top non-repeatable levels by time:
  Lair:3: 2095 daAuts
   Orc:2: 1639 daAuts
  Lair:2: 1511 daAuts
     D:8: 1432 daAuts
    D:10: 1143 daAuts
   IceCv: 1133 daAuts
     D:7: 1124 daAuts
  Lair:5: 1088 daAuts
    D:12: 1079 daAuts
  Lair:1: 1078 daAuts
     D:3: 1078 daAuts
     D:6: 1061 daAuts
     D:4: 1033 daAuts
  Lair:4: 942 daAuts
    D:15: 932 daAuts
